 Dungeon Crawl Stone Soup version 0.29-a0-322-g68df515 (webtiles) character file.

Game seed: 991335456997306893

134 Toastz the Insei (level 5, -1/36 HPs)
             Began as an Octopode Transmuter on Apr 6, 2022.
             Slain by a gnoll
             ... wielding a +0 spear
              (9 damage)
             ... on level 3 of the Dungeon.
             The game lasted 00:09:30 (3588 turns).

Toastz the Insei (Octopode Transmuter)              Turns: 3588, Time: 00:09:31

Health: -1/36      AC:  1    Str: 10    XL:     5   Next: 17%
Magic:  5/8        EV: 13    Int: 15    God:
Gold:   127        SH:  5    Dex: 14    Spells: 2/8 levels left

rFire   . . .      SeeInvis .     - Unarmed
rCold   . . .      Faith    .   (no shield)
rNeg    . . .      Spirit   .   (helmet currently unavailable)
rPois   .          Reflect  +   f - amulet of reflection
rElec   .          Harm     .   k - ring of resist corrosion
rCorr   +          Rampage  .   (no ring)
Will    .....                   (no ring)
Stlth   ++........              (no ring)
HPRegen 0.12/turn               (no ring)
MPRegen 0.11/turn               (no ring)
                                (no ring)
                                (no ring)

@: appendages
A: tentacle spike 3, almost no armour, amphibious, 8 rings, camouflage 1,
gelatinous body 1, (nimble swimmer 1), tentacles
a: End Transformation


You were on level 3 of the Dungeon.
One of your tentacles had grown a beastly spike.
You visited 1 branch of the dungeon, and saw 3 of its levels.

You collected 127 gold pieces.

Inventory:

Hand Weapons
 b - a +0 antimagic dagger
Missiles
 g - 83 stones (quivered)
 i - a throwing net
Jewellery
 f - an amulet of reflection (around mantle)
 k - a ring of resist corrosion (left tentacle)
Scrolls
 a - a scroll of noise {unknown}
 d - a scroll of vulnerability
 h - a scroll of silence
Potions
 c - 3 potions of heal wounds
 e - a potion of lignification
 j - a potion of degeneration {unknown}
 l - a potion of brilliance {unknown}


   Skills:
 + Level 2.8 Fighting
 - Level 2.0 Dodging
 + Level 4.7 Unarmed Combat
 - Level 2.0 Spellcasting
 - Level 2.4 Transmutations
 + Level 0.0 Poison Magic


You had 2 spell levels left.
You knew the following spells:

 Your Spells              Type           Power      Damage    Failure   Level
a - Beastly Appendage     Tmut           16%        N/A       9%          1
b - Wereblood             Tmut           8%         N/A       12%         2
c - Spider Form           Tmut/Pois      5%         N/A       38%         3

Your spell library contained the following spells:

 Spells                   Type           Power      Damage    Failure   Level
 Slow                     Hex            4%         N/A       22%         1
 Confusing Touch          Hex            1%         N/A       54%         3
 Vampiric Draining        Necr           1%         2d6       54%         3
 Ice Form                 Ice/Tmut       5%         N/A       80%         4


Dungeon Overview and Level Annotations

Branches:
Dungeon (3/15)

Altars:
Qazlal

Shops:
D:3 (

Annotations:
D:3 Sigmund


Innate Abilities, Weirdness & Mutations

One of your tentacles has grown a beastly spike.
You cannot wear most types of armour.
You are amphibious.
You can wear up to eight rings at the same time.
Your skin changes colour to match your surroundings (Stealth+).
Your rubbery body absorbs attacks. (AC +1, EV +1)
((You are camouflaged when in or above water. (Stealth+)))
You have tentacles for arms and can constrict up to eight enemies at once.


Message History

Nothing appears to happen.
You start resting.
Your magical contamination has completely faded away.
You start resting.
Magic restored.
Casting: Spider Form (quite dangerous; 38% risk of failure)
Confirm with . or Enter, or press ? or * to list all spells.
The spell is quite dangerous to miscast (38% risk of failure)!
Continue anyway?
You turn into a venomous arachnid creature.
Casting: Spider Form (extremely dangerous; 61% risk of failure)
Confirm with . or Enter, or press ? or * to list all spells.
Your blood is infused with primal strength.
You climb downwards.
Level annotation: Sigmund Your transformation is almost over.
There is a stone staircase leading up here.
No target in view!
No target in view!
Found a lumpy orange potion.
You see here a +0 pair of boots.
Your transformation has ended.
Found a scroll labelled NEJO SISARA.
Your primal bloodlust is almost over.
l - a lumpy orange potion
c - 3 potions of heal wounds (gained 1)
You start resting.
Your primal bloodlust has ended.
You start resting.
A gnoll is nearby!
Casting: Wereblood (safe; 12% risk of failure)
Confirm with . or Enter, or press ? or * to list all spells.
One of your tentacles grows a vicious spike.
The gnoll hits you from afar with a +0 spear!
The gnoll hits you from afar with a +0 halberd!
The gnoll hits you with a +0 spear. The gnoll attacks as you move away!
The gnoll hits you with a +0 spear!
* * * LOW HITPOINT WARNING * * *
A giant cockroach comes into view.
The gnoll hits you from afar with a +0 spear!
You die...

..##.........#
.##..........# P♣
.####..####..#♣♣ P♣ .+
.∩..> .'....♣ .B ##
########...###♣♣.
##............# #.?
^............###.♣♣
...........gg.#..♣ .
#.........)##.@.##
.##..........####..#
............<##....#
.............##.##.#
.....<.......#..# .#
............[..## ..
..♣........##........
..P...######..........
....... ............


You could see 2 gnolls and a giant cockroach (wandering).

Vanquished Creatures
  A gnoll shaman (D:2)
  Jessica (D:2)
  A gnoll (D:2)
  2 adders (D:2)
  3 worms
  A dart slug (D:2)
  7 ball pythons
  3 bats
  4 endoplasms
  2 giant cockroaches
  A goblin (D:2)
  7 hobgoblins
  3 jackals (D:1)
  A quokka (D:2)
  2 kobolds (D:1)
  A rat (D:1)
40 creatures vanquished.

Vanquished Creatures (others)
  4 plants (D:3)
4 creatures vanquished.

Grand Total: 44 creatures vanquished

Notes
Turn   | Place    | Note
-------+----------+-------------------------------------------
     0 | D:1      | Toastz the Octopode Transmuter began the quest for the Orb.
     0 | D:1      | Reached XP level 1. HP: 13/13 MP: 3/3
   280 | D:1      | Reached XP level 2. HP: 15/18 MP: 3/5
   442 | D:1      | Learned a level 2 spell: Wereblood
  1169 | D:2      | Reached XP level 3. HP: 19/24 MP: 4/6
  1523 | D:2      | You fall into a shaft and drop 1 floor!
  1523 | D:3      | Noticed Sigmund
  1544 | D:3      | Found Qefrah's Weapon Emporium.
  1892 | D:2      | Reached skill level 4 in Unarmed Combat
  1934 | D:2      | Found a stormy altar of Qazlal.
  2153 | D:2      | Noticed Jessica
  2158 | D:2      | Killed Jessica
  2159 | D:2      | Reached XP level 4. HP: 16/29 MP: 4/7
  3182 | D:2      | Reached XP level 5. HP: 20/35 MP: 5/8
  3333 | D:2      | Learned a level 3 spell: Spider Form
  3588 | D:3      | Slain by a gnoll

Illustrated notes

Levels and vault maps discovered:
D:1:      ebering_trefoil_twist, layout_loops_ring
D:2:      layout_loops_corners, basic_altar, uniq_jessica
D:3:      layout_rooms, serial_forest, infiniplex_forest_clump_tiny,
          infiniplex_forest_zigzag_1, infiniplex_forest_zigzag_2,
          infiniplex_forest_side_room, infiniplex_forest_clump_tiny,
          infiniplex_forest_clump_diagonal, infiniplex_forest_clump_small,
          ebering_ecumenical_altar_hall, serial_shops,
          nicolae_shop_hallway_stairs, uniq_sigmund

Skill      XL: |  1  2  3 |
---------------+----------+-----
Unarmed Combat | 4 |  4.7
Fighting       | 2 |  2.8
Dodging        | |  2.0
Spellcasting   | |  2.0
Transmutations | |  2.4

Action                   |  1- 3 |  4- 6 || total
-------------------------+-------+-------++-------
Melee: Unarmed           |    63 |    23 ||    86
       Kick              |    23 |    12 ||    35
       Constrict         |    16 |     8 ||    24
       Tentacles         |     6 |     4 ||    10
       Punch             |       |     2 ||     2
Throw: Stone             |     6 |       ||     6
 Cast: Beastly Appendage |    20 |     7 ||    27
       Wereblood         |     1 |     5 ||     6
       Spider Form       |       |     1 ||     1
  Use: Scroll            |     4 |       ||     4
       Potion            |     1 |       ||     1
 Stab: Sleeping          |     2 |       ||     2
Armor: Skin              |    21 |     1 ||    22
Dodge: Dodged            |    56 |    21 ||    77
Block: Other             |    14 |     6 ||    20

Table legend: (Time is in decaauts)
 A = Elapsed time spent in this place.
 B = Non-inter-level travel time spent in this place.
 C = Inter-level travel time spent in this place.
 D = Time resting spent in this place.
 E = Time spent auto-exploring this place.
 F = Levels seen in this place.
 G = Mean time per level.
                   A        B        C        D        E       F      G
               +--------+--------+--------+--------+--------+-----+--------+
         Total |   3588 |   3446 |    142 |   1377 |   1668 |   3 | 1196.0 |
       Dungeon |   3588 |   3446 |    142 |   1377 |   1668 |   3 | 1196.0 |
               +--------+--------+--------+--------+--------+-----+--------+

Top non-repeatable levels by time:
     D:2: 2335 daAuts
     D:1: 1088 daAuts
     D:3: 164 daAuts
